 Dungeon Crawl Stone Soup version 0.28-a0-998-gb9e9c7b67e (webtiles) character file.

Game seed: 14779513037155525413

0 freelancePsychic the Chiller (level 1, 0/15 HPs)
             Began as a Naga Ice Elementalist on Dec 6, 2021.
             Slain by a rat (3 damage)
             ... on level 1 of the Dungeon.
             The game lasted 00:01:36 (77 turns).

freelancePsychic the Chiller (Naga Ice Elementalist)  Turns: 77, Time: 00:01:37

Health: 0/15       AC:  1    Str: 10    XL:     1   Next: 10%
Magic:  2/3        EV:  9    Int: 15    God:
Gold:   24         SH:  0    Dex: 11    Spells: 3/4 levels left

rFire   . . .      SeeInvis +   (no weapon)
rCold   . . .      Faith    .   (no shield)
rNeg    . . .      Spirit   .   a - +0 robe
rPois   +          Reflect  .   (no helmet)
rElec   .          Harm     .   (no cloak)
rCorr   .          Rampage  .   (no gloves)
Will    .....                   (no barding)
Stlth   ++........              (no amulet)
HPRegen 0.05/turn               (no ring)
MPRegen 0.08/turn               (no ring)

@: very slow
A: AC +0, large, see invisible, deformed body, poison resistance, slowness 2,
spit poison 1, naga tail 1
a: Spit Poison


You were on level 1 of the Dungeon.
You visited 1 branch of the dungeon, and saw 1 of its levels.

You collected 24 gold pieces.

Inventory:

Armour
 a - a +0 robe (worn)


   Skills:
 - Level 1.5 Dodging
 - Level 3.0 Stealth
 + Level 2.0 Spellcasting
 + Level 4.0 Ice Magic


You had 3 spell levels left.
You knew the following spells:

 Your Spells              Type           Power      Damage    Failure   Level
a - Freeze                Ice            52%        1d7       4%          1

Your spell library contained the following spells:

 Spells                   Type           Power      Damage    Failure   Level
 Frozen Ramparts          Ice            26%        1d4       13%         3
 Ozocubu's Armour         Ice            13%        N/A       13%         3
 Hailstorm                Conj/Ice       7%         3d4       67%         4


Dungeon Overview and Level Annotations

Branches:
Dungeon (1/15)

Altars:


Innate Abilities, Weirdness & Mutations

Your serpentine skin is tough. (AC +0)
You have supernaturally acute eyesight. (SInv)
Armour fits poorly on your strangely shaped body.
Your system is resistant to poisons. (rPois)
You cover ground very slowly.
You can spit poison.
You have a snake-like lower body.


Message History

A rat is nearby!
The rat bites you.
You freeze the rat.
You kill the rat!
Magic restored.
HP restored.
You now have 8 gold pieces.
Found 17 stones.
Found 19 poisoned darts.
You now have 24 gold pieces (gained 16).
You see here 19 poisoned darts.
A frilled lizard comes into view.
A frilled lizard is nearby!
A rat comes into view.
A rat, a goblin and a hobgoblin come into view.
The goblin shouts!
You hear an angry hiss.
The frilled lizard barely misses you.
You freeze the frilled lizard.
The frilled lizard is heavily wounded.
The hobgoblin shouts!
The frilled lizard bites you.
A frilled lizard comes into view.
The frilled lizard bites you but does no damage.
The frilled lizard bites you.
The rat twitches its whiskers.
The frilled lizard bites you. The goblin hits you with a +0 club.
The rat bites you but does no damage. The frilled lizard barely misses you.
The rat bites you.
Casting: Freeze (safe; 4% risk of failure)
Confirm with . or Enter, or press ? or * to list all spells.
Aiming: Freeze (safe; 4% risk of failure)
Press: ? - help, Shift-Dir - straight line, f - rat, p - frilled lizard
Aim: a rat You freeze the rat.
The rat is moderately wounded.
The rat bites you. The goblin hits you with a +0 club.
* * * LOW HITPOINT WARNING * * *
The rat bites you.
You die...

........#.....##.....#....###.
..##.....##.###..........$....
.##.##...
.......###...######.. ## #...
.......##...# ..... #....
####...##...#...... ......
#...#l............. ..## #
#..l.r#.g..........
#..#.g#.#............
#...@r.#............
########............
#......###### #......#
#.######


You could see a goblin, 2 frilled lizards and a rat.

Vanquished Creatures
  A rat (D:1)
1 creature vanquished.

Notes
Turn   | Place    | Note
-------+----------+-------------------------------------------
     0 | D:1      | freelancePsychic the Naga Ice Elementalist began the quest
                  | for the Orb.
     0 | D:1      | Reached XP level 1. HP: 15/15 MP: 3/3
    77 | D:1      | Slain by a rat

Illustrated notes

Levels and vault maps discovered:
D:1:      erik_arrival_blinker_ship, layout_basic,
          hellmonk_ecumenical_altar_heavens_door

Action                   || total
-------------------------++-------
 Cast: Freeze            ||     3
Armor: Robe              ||     2
Dodge: Dodged            ||     2

Table legend: (Time is in decaauts)
 A = Elapsed time spent in this place.
 B = Non-inter-level travel time spent in this place.
 C = Inter-level travel time spent in this place.
 D = Time resting spent in this place.
 E = Time spent auto-exploring this place.
 F = Levels seen in this place.
 G = Mean time per level.
                   A        B        C        D        E       F      G
               +--------+--------+--------+--------+--------+-----+--------+
         Total |     93 |     93 |      0 |      0 |     60 |   1 |   93.0 |
       Dungeon |     93 |     93 |      0 |      0 |     60 |   1 |   93.0 |
               +--------+--------+--------+--------+--------+-----+--------+

Top non-repeatable levels by time:
     D:1: 93 daAuts
